 Dungeon Crawl Stone Soup version 0.31-a0-37-g98a128e1d9 (webtiles) character file.

Game seed: 9460476709506074875

430540 pk666 the Archmage (level 22, -13/103 HPs)
             Began as a Deep Elf Hedge Wizard on May 14, 2023.
             Was the Champion of Vehumet.
             Killed from afar by a deep troll earth mage (24 damage)
             ... with a blast of rock fragments
             ... on level 3 of the Depths on May 15, 2023.
             The game lasted 08:50:25 (78919 turns).

pk666 the Archmage (Deep Elf Hedge Wizard)         Turns: 78919, Time: 08:50:26

Health: -13/103    AC: 15    Str: 10    XL:     22   Next: 83%
Magic:  55/55      EV: 20    Int: 37    God:    Vehumet [******]
Gold:   4285       SH:  6    Dex: 14    Spells: 13/75 levels left

rFire   + + +        M - +9 lance "Wyrmbane" {slay drac, rPois rF+ rC+ AC+3}
rCold   + . .        m - +3 buckler {reflect}
rNeg    . . .        p - +2 robe {Archmagi}
rPois   +            L - +2 hat
rElec   +            v - scarf "Podoppop" {harm, Str+3 SInv}
rCorr   .            V - +2 pair of gloves {hurl}
SInv    +            R - +2 pair of boots {Fly}
Will    +++..        B - amulet of faith
Stlth   ++           Q - ring of wizardry
HPRegen 0.37/turn    J - ring of Ysiunk {rElec rF++ Will+ Int+6}
MPRegen 0.34/turn

%: harm (+30% outgoing, +20% incoming), reflection, faith, wizardry (x1),
archmagi
@: flying
A: no striking features
}: 2/15 runes: decaying, gossamer
a: Renounce Religion


You were on level 3 of the Depths.
You worshipped Vehumet.
Vehumet was exalted by your worship.
You visited 9 branches of the dungeon, and saw 41 of its levels.

You collected 5318 gold pieces.
You spent 1033 gold pieces at shops.

Inventory:

Hand Weapons
 M - the +9 lance "Wyrmbane" (weapon) {slay drac, rPois rF+ rC+ AC+3}
   (You took it off Maggie on level 2 of the Lair of Beasts)

   AC:        It affects your AC (+3).
   rF:        It protects you from fire.
   rC:        It protects you from cold.
   rPois:     It protects you from poison.
Armour
 m - a +3 buckler of reflection (worn)
 p - a +2 robe of the Archmagi (worn)
 v - the scarf "Podoppop" (worn) {harm, Str+3 SInv}
   (You acquired it on level 3 of the Vaults)

   Str:       It affects your strength (+3).
   SInv:      It lets you see invisible.
 w - the +3 robe of Clouds {*Thunder rCloud rElec}
   (You took it off a deep elf master archer on level 3 of the Elven Halls)

   *Thunder:  It occasionally creates storm clouds above nearby enemies.
   rCloud:    It grants its wearer immunity to clouds.
   rElec:     It insulates you from electricity.
 L - a +2 hat (worn)
 O - a +2 cloak
 R - a +2 pair of boots of flying (worn)
 V - a +2 pair of gloves of hurling (worn)
Jewellery
 k - a ring of resist corrosion
 q - a +6 ring of intelligence
 B - an amulet of faith (around neck)
 H - the ring "Eweoschu" {rPois rC+ Int-3 Dex+3}
   (You took it off a deep elf annihilator on level 3 of the Elven Halls)

   [ring of protection from cold]

   Int:       It affects your intelligence (-3).
   Dex:       It affects your dexterity (+3).
   rC:        It protects you from cold.
   rPois:     It protects you from poison.
 J - the ring of Ysiunk (right hand) {rElec rF++ Will+ Int+6}
   (You bought it in a shop on level 1 of the Elven Halls)

   [ring of intelligence]

   Int:       It affects your intelligence (+6).
   rF:        It greatly protects you from fire.
   rElec:     It insulates you from electricity.
   Will:      It increases your willpower.
 N - the ring of Zielajych {rPois Will+}
   (You found it on level 2 of the Vaults)

   [ring of poison resistance]

   rPois:     It protects you from poison.
   Will:      It increases your willpower.
 Q - a ring of wizardry (left hand)
Wands
 b - a wand of paralysis (52)
 c - a wand of mindburst (15)
 l - a wand of roots (43)
 n - a wand of digging (13)
 P - a wand of flame (64)
 S - a wand of polymorph (24)
 Z - a wand of quicksilver (30)
Scrolls
 f - 6 scrolls of poison
 g - 10 scrolls of enchant weapon
 j - 7 scrolls of amnesia
 o - a scroll of butterflies
 r - 3 scrolls of blinking
 s - 11 scrolls of immolation
 x - 7 scrolls of fear
 y - 4 scrolls of fog
 z - 10 scrolls of identify
 A - 16 scrolls of teleportation
 C - 9 scrolls of enchant armour
 D - 3 scrolls of brand weapon
 E - 5 scrolls of magic mapping
 F - 5 scrolls of silence
Potions
 a - a potion of invisibility
 d - 5 potions of magic
 e - 17 potions of curing
 h - 13 potions of brilliance
 i - 8 potions of ambrosia
 t - 3 potions of might
 u - 6 potions of haste
 G - 2 potions of berserk rage
 I - 4 potions of flight
 K - 2 potions of resistance {unknown}
 T - 6 potions of lignification
 W - 5 potions of mutation
 Y - 7 potions of heal wounds
Miscellaneous
 U - a lightning rod (4/4)


   Skills:
 + Level 17.3 Dodging
 - Level 2.4 Stealth
 O Level 27 Spellcasting
 + Level 23.3 Conjurations
 - Level 1.1 Summonings
 - Level 11.0 Necromancy
 - Level 5.0 Translocations
 - Level 19.0 Fire Magic
 - Level 5.0 Air Magic
 + Level 16.4 Earth Magic
 - Level 4.0 Poison Magic


You had 13 spell levels left.
You knew the following spells:

 Your Spells              Type           Power      Damage    Failure   Level
a - Fire Storm            Conj/Fire      71%        8d18      1%          9
b - Blink                 Tloc           100%       N/A       1%          2
c - Mephitic Cloud        Conj/Pois/Air  100%       N/A       0%          3
d - Sublimation of Blood  Necr           100%       N/A       0%          2
e - Apportation           Tloc           100%       N/A       1%          1
f - Iskenderun's Battles  Conj           100%       2d15      0%          5
g - Fireball              Conj/Fire      71%        3d27      0%          5
h - Lehudib's Crystal Sp  Conj/Erth      69%        10d16     1%          8
i - Orb of Destruction    Conj           73%        9d17      1%          7
j - Starburst             Conj/Fire      71%        6d18      0%          6
k - Plasma Beam           Fire/Air       59%        2x1d81    1%          6
l - Ignition              Fire           68%        3d18      1%          8

Your spell library contained the following spells:

 Spells                   Type           Power      Damage    Failure   Level
 Polar Vortex             Ice            33%        N/A       100%        9
 Kiss of Death            Conj/Necr      100%       2d13      0%          1
 Magic Dart               Conj           100%       1d8       0%          1
 Necrotise                Necr           100%       1d9       0%          1
 Sandblast                Erth           100%       2d20      0%          1
 Shock                    Conj/Air       100%       1d9       0%          1
 Momentum Strike          Conj/Tloc      100%       3d10      0%          2
 Scorch                   Fire           100%       2d9       0%          2
 Static Discharge         Conj/Air       100%       2-7/arc   0%          2
 Dazzling Flash           Conj/Hex       100%       N/A       0%          3
 Hailstorm                Conj/Ice       100%       3d20      0%          3
 Stone Arrow              Conj/Erth      100%       3d13      0%          3
 Vampiric Draining        Necr           100%       2d13      0%          3
 Volatile Blastmotes      Fire/Tloc      100%       2d18      0%          3
 Flame Wave               Conj/Fire      100%       2d21      0%          4
 Iskenderun's Mystic Bla  Conj/Tloc      100%       2d19      0%          4
 Lee's Rapid Deconstruct  Erth           65%        3d30*     0%          5
 Freeze                   Ice            100%       1d10      1%          1
 Slow                     Hex            100%       N/A       1%          1
 Summon Small Mammal      Summ           100%       N/A       1%          1
 Call Imp                 Summ           100%       N/A       1%          2
 Cigotuvi's Dreadful Rot  Necr/Pois/Air  100%       N/A       1%          2
 Ensorcelled Hibernation  Hex/Ice        100%       N/A       1%          2
 Lesser Beckoning         Tloc           100%       N/A       1%          2
 Passwall                 Tmut/Erth      87%        N/A       1%          2
 Wereblood                Tmut           66%        N/A       1%          2
 Call Canine Familiar     Summ           72%        N/A       1%          3
 Frozen Ramparts          Ice            100%       1d16      1%          3
 Gell's Gravitas          Tloc           92%        N/A       1%          3
 Spider Form              Tmut/Pois      77%        N/A       1%          3
 Summon Guardian Golem    Hex/Summ       69%        N/A       1%          3
 Swiftness                Air            92%        N/A       1%          3
 Teleport Other           Tloc           92%        N/A       1%          3
 Vhi's Electric Charge    Tloc/Air       100%       N/A       1%          3
 Airstrike                Air            46%        2d(7-23)  1%          4
 Anguish                  Hex/Necr       47%        N/A       1%          4
 Animate Armour           Summ/Erth      100%       N/A       1%          4
 Animate Dead             Necr           100%       N/A       1%          4
 Fulminant Prism          Conj/Hex       58%        3d24      1%          4
 Leda's Liquefaction      Hex/Erth       52%        N/A       1%          4
 Manifold Assault         Tloc           92%        N/A       1%          4
 Petrify                  Tmut/Erth      100%       N/A       1%          4
 Summon Lightning Spire   Summ/Air       83%        N/A       1%          4
 Agony                    Necr           100%       N/A       1%          5
 Arcjolt                  Conj/Air       62%        1d72      1%          5
 Summon Forest            Summ/Tloc      41%        N/A       1%          5
 Yara's Violent Unravell  Hex/Tmut       33%        3d14      1%          5
 Iron Shot                Conj/Erth      69%        9d13      1%          6
 Statue Form              Tmut/Erth      70%        N/A       1%          6
 Spellforged Servitor     Conj/Summ      59%        N/A       1%          7
 Ice Form                 Ice/Tmut       66%        N/A       2%          4
 Alistair's Intoxication  Tmut/Pois      51%        N/A       2%          5
 Silence                  Hex/Air        40%        N/A       2%          5
 Simulacrum               Ice/Necr       47%        N/A       3%          6
 Dispersal                Tloc           46%        N/A       4%          6
 Summon Mana Viper        Hex/Summ       69%        N/A       5%          5
 Metabolic Englaciation   Hex/Ice        33%        N/A       6%          5
 Shatter                  Erth           65%        3d48*     8%          9
 Haunt                    Necr/Summ      48%        N/A       16%         7
 Infestation              Necr           57%        N/A       16%         8
 Chain Lightning          Conj/Air       62%        3d82      17%         9
 Summon Cactus Giant      Summ           36%        N/A       22%         6
 Maxwell's Capacitive Co  Air            46%        ∞         41%         8
 Storm Form               Tmut/Air       40%        N/A       52%         7
 Monstrous Menagerie      Summ           36%        N/A       73%         7
 Summon Hydra             Summ           36%        N/A       73%         7
 Disjunction              Tloc           46%        N/A       86%         8


Dungeon Overview and Level Annotations

Branches:
Dungeon (15/15)            Temple (1/1) D:5            Lair (5/5) D:9
  Swamp (4/4) Lair:3       Spider (4/4) Lair:3        Slime (0/5) Lair:5
    Orc (2/2) D:11            Elf (3/3) Orc:2        Vaults (4/5) D:14
  Crypt (0/3) Vaults:2     Depths (3/4) D:15

Altars:
Ashenzari
Cheibriados
Dithmenos
Elyvilon
Fedhas
Gozag
Hepliaklqana
Kikubaaqudgha
Makhleb
Nemelex Xobeh
Okawaru
Qazlal
Ru
Sif Muna
Trog
Uskayaw
Vehumet
Wu Jian
Xom
Yredelemnul
Zin
The Shining One
Jiyva

Shops:
D:5 [   Orc:2 [*:(   Elf:1 =   Elf:2 [   Elf:3 *   Vaults:4 (

Portals:
Hell: Depths:1 Depths:2
Abyss: Depths:2
Pandemonium: Depths:2
Ziggurat: Depths:1
Trove: D:10 (show slimy rune of Zot)

Annotations:
D:5 2 transporters, PostNTower's ghost, novice OpTm
D:6 exclusion: acid dragon
D:8 2 exclusions
Lair:2 3 runed translucent doors, Xtruder99's ghost, journeyman OpFi
Lair:3 exclusion: downstairs
Spider:1 1 runed translucent door, graymark's ghost, journeyman NaFi
Elf:2 3 runed translucent doors


Message History

The great blast of fire engulfs the deep troll!!!!
You kill the deep troll!
Vehumet accepts your kill.
Your fire vortex hits something.
Your fire vortex burns something!
Your fire vortex dissipates!
You start resting.
A deep troll comes into view.
An iron troll comes into view.
Casting: Fire Storm (dangerous; 1% risk of failure)
Confirm with . or Enter, or press ? or * to list all spells.
Aiming: Fire Storm (dangerous; 1% risk of failure)
Press: ? - help, Dir - move target, f - fire vortex
Aim: a fire vortex (flame, almost destroyed, friendly)
You feel a surge of power!
A raging storm of fire appears!
The great blast of fire engulfs the iron troll!!!
The iron troll partially resists.
You kill the iron troll!
Vehumet accepts your kill.
The great blast of fire engulfs the deep troll!!!!
You kill the deep troll!
Vehumet accepts your kill.
You feel your power returning.
The troll leather armour is intact enough to wear.
Something barely misses your fire vortex.
Something claws your fire vortex. x2
You start resting.
A deep troll earth mage comes into view.
Casting: Fire Storm (dangerous; 1% risk of failure)
Confirm with . or Enter, or press ? or * to list all spells.
You don't have enough magic to cast this spell.
Casting: Fire Storm (dangerous; 1% risk of failure)
Confirm with . or Enter, or press ? or * to list all spells.
You feel a surge of power!
You draw magical energy from your own body!
Something hits the deep troll earth mage.
Something burns the deep troll earth mage!
The deep troll earth mage is engulfed in a cloud of scalding steam.
The deep troll earth mage is engulfed in a cloud of scalding steam.
The deep troll earth mage gestures next to you while chanting.
The wall shatters!
The blast of rock fragments hits you!!
You die...

#.[.§. §§†Tv
#v§.# #....
..###°..#
....<.#
#...####
#..@...#
............#
[...#..†....#
#...........#
# ##.....####
#......
)...†..
.........


You could see a deep troll earth mage and 2 friendly fire vortices.

Vanquished Creatures
  Mara (Elf:3)
  Bai Suzhen (Depths:1)
  3 golden dragons
  Jorgrun (D:12)
  Rupert (D:14)
  2 tentacled monstrosities
  Zenata (Elf:3)
  Asterion (Vaults:2)
  A walking frostbound tome (Depths:3)
  A deep elf blademaster (Elf:3)
  3 deep elf master archers (Elf:3)
  Gastronok (Lair:2)
  2 thorn hunters
  A sphinx (shapeshifter) (Vaults:1)
  Agnes (D:15)
  5 sphinxes
  3 tengu reavers
  Roxanne (D:14)
  2 shadow dragons
  4 fire giants
  5 fenstrider witches
  3 frost giants
  12 vault wardens
  A revenant (Vaults:2)
  8 emperor scorpions
  An iron dragon (Depths:3)
  5 ghost moths
  2 deep elf elementalists (Elf:3)
  2 orc warlords
  9 deep elf sorcerers
  4 ghouls
  13 ironbound preservers
  2 war gargoyles
  6 stone giants
  2 vampire knights
  29 very ugly things
  6 eleionomae
  2 broodmothers
  2 reapers
  7 ironbound thunderhulks
  Nessos (D:15)
  2 deep elf demonologists (Elf:3)
  4 spark wasps
  5 bunyips
  2 dire elephants (Vaults:1)
  9 deep elf annihilators (Elf:3)
  2 deep elf death magi
  A green death (Swamp:4)
  4 ettins
  An entropy weaver (shapeshifter) (D:15)
  9 entropy weavers
  8 deep elf high priests (Elf:3)
  2 crystal guardians
  13 yaktaur captains
  4 great orbs of eyes
  6 fire dragons
  4 ice dragons
  3 rakshasas
  2 spriggan air magi
  13 hydras
  Fannar (Lair:1)
  3 jorogumos (Spider:3)
  4 peacekeepers
  13 vault guards
  5 boulder beetles
  The ghost of Reshi88 the Skirmisher, a journeyman SpHu of Gozag (D:11)
  2 catoblepae
  4 ogre magi
  10 centaur warriors
  10 ironbound frosthearts
  6 two-headed ogres
  18 dancing weapons
  4 tengu warriors
  6 death yaks (Lair:5)
  3 radroaches
  7 alligators
  4 deep troll earth magi
  A death scarab (Spider:3)
  2 orc high priests
  4 deep troll shamans
  A vampire mage (Vaults:2)
  8 hell knights
  Sonja (Lair:5)
  A spriggan berserker (Depths:2)
  2 soul eaters (Swamp:4)
  11 deep elf knights
  A titan skeleton (D:15)
  7 skeletal warriors
  A shadow wraith (Vaults:2)
  2 sixfirhies
  4 iron trolls
  7 goliath frogs
  45 deep trolls
  2 sun moths
  9 orb spiders
  3 pharaoh ants
  Lodul (D:11)
  A glowing orange brain (Vaults:4)
  3 spriggan druids
  An orange crystal statue (Elf:2)
  5 deep elf archers
  7 bog bodies
  24 deep elf pyromancers
  32 deep elf zephyrmancers
  12 lindwurms
  5 swamp dragons
  8 steelbarb worms
  12 ironbound convokers
  4 orc knights
  A wolf spider zombie (D:12)
  10 wizards
  A phantasmal warrior (D:15)
  31 wolf spiders
  6 necromancers
  A frost giant zombie (D:15)
  7 manticores
  4 orc sorcerers
  46 ugly things
  2 moths of wrath
  A fire giant zombie (Vaults:2)
  6 will-o-the-wisps
  3 cyclopes
  5 elephants (Lair:5)
  3 stone giant skeletons
  10 centaur zombies (D:12)
  7 demonic crawlers
  12 torpor snails
  A black mamba (Lair:3)
  16 vault sentinels
  22 yaktaurs
  2 orange demons
  3 unseen horrors
  An elf skeleton (Vaults:1)
  3 gargoyles
  Maggie (Lair:2)
  3 rime drakes (Lair:5)
  10 cane toads
  3 efreet
  7 komodo dragons
  2 kobold demonologists
  5 tengu conjurers
  A guardian mummy (D:10)
  A red devil (Depths:2)
  2 bloated husks
  4 hellwings (Swamp:4)
  3 polar bears
  Grinder (D:3)
  6 meliai
  22 hornets
  10 trolls
  34 tarantellas
  8 blink frogs
  11 tyrant leeches
  A sphinx simulacrum (Vaults:1)
  A blink frog (shapeshifter) (D:15)
  An elf zombie (Vaults:1)
  A meliai zombie (D:12)
  Sigmund (D:3)
  An ettin zombie (Vaults:2)
  25 jumping spiders
  30 slime creatures
  21 culicivoras
  14 spriggans
  An ettin skeleton (Vaults:1)
  8 air elementals
  7 water elementals
  A ynoxinul (D:11)
  A spriggan (shapeshifter) (D:15)
  Eustachio (D:4)
  5 wyverns
  49 yaks
  2 vampires
  A neqoxec (Swamp:4)
  Grum (Lair:1)
  5 basilisks
  A chaos spawn (Swamp:4)
  A human (D:14)
  13 vampire mosquitoes
  69 redbacks
  5 steam dragons
  7 wargs
  13 swamp worms
  3 acid dragons
  2 glowing shapeshifter zombies (Vaults:2)
  A glowing shapeshifter skeleton (Vaults:2)
  14 water moccasins
  Duvessa (D:6)
  An ogre skeleton (Vaults:2)
  35 orc warriors
  A swamp drake (Lair:5)
  An ice beast (D:6)
  14 ogres
  3 black bears
  5 boggarts (Vaults:1)
  4 centaurs
  15 wolves
  2 kobold brigands
  A phantom (D:5)
  Blork the orc (D:6)
  7 bullfrogs
  4 gnoll sergeants
  3 necrophages (Swamp:4)
  An earth elemental (Elf:2)
  4 scorpions
  9 wights
  Dowan (D:6)
  25 killer bees
  An electric eel (Lair:3)
  2 howler monkeys
  A lava snake (D:14)
  A gnoll bouda (D:8)
  15 orc priests
  2 hounds
  3 jellies (D:7)
  6 iguanas
  2 sleepcaps
  Natasha (thrice) (D:3 D:2)
  Terence (D:3)
  A boggart zombie (D:12)
  20 orc wizards
  2 human simulacra (D:9)
  Robin (D:3)
  5 gnolls (D:7)
  5 adders
  2 shadow imps (D:8)
  3 white imps
  An ufetubus (D:7)
  A worm (D:2)
  3 dart slugs
  74 orcs
  3 bats
  4 endoplasms
  4 giant cockroaches
  8 goblins
  15 hobgoblins
  4 jackals (D:1)
  9 kobolds
  5 quokkas
  3 ball pythons
  3 frilled lizards (D:3)
  3 rats (D:1)
  A spectral hobgoblin (D:6)
1580 creatures vanquished.

Vanquished Creatures (collateral kills)
  A titan (Depths:2)
  A deep elf master archer (Elf:3)
  A vault warden (Vaults:2)
  A war gargoyle (Vaults:3)
  An ironbound thunderhulk (Vaults:3)
  2 ironbound preservers (Vaults:2)
  A stone giant (Depths:2)
  A very ugly thing (Vaults:2)
  An ironbound frostheart (Vaults:1)
  A peacekeeper (Vaults:2)
  A yaktaur (Vaults:1)
  A tarantella (Spider:4)
  A culicivora (Spider:3)
  A slime creature (Vaults:3)
  A glowing shapeshifter skeleton (Vaults:2)
  An orc (D:9)
17 creatures vanquished.

Vanquished Creatures (others)
  A killer bee (D:9)
  An adder (D:3)
  282 fire vortices
  10 foxfires
294 creatures vanquished.

Grand Total: 1891 creatures vanquished

Notes
Turn   | Place    | Note
-------+----------+-------------------------------------------
     0 | D:1      | pk666 the Deep Elf Hedge Wizard began the quest for the
                  | Orb.
     0 | D:1      | Reached XP level 1. HP: 10/10 MP: 7/7
    17 | D:1      | Found a faded altar of an unknown god.
   272 | D:1      | Reached XP level 2. HP: 13/15 MP: 0/9
   916 | D:1      | Reached XP level 3. HP: 19/19 MP: 8/11
   919 | D:1      | Learned a level 2 spell: Blink
   923 | D:1      | Learned a level 3 spell: Mephitic Cloud
  1224 | D:2      | Identified the +0 helmet of Ru's Approval {Dex+6}
  1955 | D:3      | Reached skill level 1 in Poison Magic
  2094 | D:3      | Reached skill level 5 in Spellcasting
  2094 | D:3      | Reached XP level 4. HP: 20/24 MP: 3/13
  2145 | D:3      | Noticed Grinder
  2360 | D:3      | Paralysed by Grinder for 5 turns
  2369 | D:3      | Killed Grinder
  2370 | D:3      | Reached skill level 1 in Air Magic
  2370 | D:3      | Reached XP level 5. HP: 17/28 MP: 2/15
  2370 | D:3      | Reached XP level 6. HP: 20/32 MP: 2/16
  2493 | D:3      | Noticed Natasha
  2598 | D:3      | Killed Natasha
  2631 | D:3      | Noticed Sigmund
  2670 | D:3      | Noticed Robin
  2687 | D:3      | Killed Robin
  3130 | D:3      | Noticed Natasha
  3140 | D:3      | Killed Natasha
  3156 | D:3      | Noticed Terence
  3169 | D:3      | Noticed Natasha
  3187 | D:2      | Killed Natasha
  3188 | D:2      | Reached skill level 6 in Spellcasting
  3524 | D:3      | Killed Terence
  3783 | D:3      | Killed Sigmund
  3784 | D:3      | Reached skill level 5 in Conjurations
  3784 | D:3      | Reached XP level 7. HP: 32/36 MP: 5/18
  4112 | D:4      | Noticed Eustachio
  4131 | D:4      | Killed Eustachio
  5327 | D:4      | Reached skill level 7 in Spellcasting
  5538 | D:5      | Entered Level 5 of the Dungeon
  5538 | D:5      | Found a transporter.
  5545 | D:5      | Noticed PostNTower's ghost (novice OpTm)
  5581 | D:5      | Reached XP level 8. HP: 37/41 MP: 13/20
  5741 | D:5      | Found a transporter.
  5845 | D:5      | Reached skill level 1 in Fire Magic
  6022 | D:5      | Found Cets's Antique Armour Shop.
  6105 | D:5      | Found a staircase to the Ecumenical Temple.
  6415 | Temple   | Entered the Ecumenical Temple
  6601 | D:6      | Noticed Duvessa
  6605 | D:6      | Noticed Dowan
  6719 | D:6      | HP: 2/41 [orc/+0 trident (2)]
  7259 | D:6      | Killed Dowan
  7260 | D:6      | Reached skill level 8 in Spellcasting
  8245 | D:6      | Killed Duvessa
  8252 | D:6      | Learned a level 3 spell: Stone Arrow
  8400 | D:6      | Found a hazy altar of Hepliaklqana.
  8631 | D:6      | Noticed Blork the orc
  8638 | D:6      | Killed Blork the orc
  8769 | D:6      | Reached XP level 9. HP: 44/45 MP: 13/23
  9248 | D:7      | Reached skill level 1 in Earth Magic
  9835 | D:7      | Reached skill level 5 in Dodging
 10378 | D:7      | Reached skill level 9 in Spellcasting
 11369 | D:8      | Reached skill level 5 in Fire Magic
 11373 | D:8      | Reached skill level 10 in Conjurations
 11373 | D:8      | Reached XP level 10. HP: 47/50 MP: 11/25
 11659 | D:8      | Noticed a two-headed ogre
 11670 | D:8      | Killed a two-headed ogre
 11957 | D:8      | Reached skill level 10 in Spellcasting
 12555 | D:8      | Noticed a centaur warrior
 12586 | D:8      | Noticed a centaur warrior
 12601 | D:8      | Killed a centaur warrior
 12753 | D:8      | Noticed a gargoyle
 13490 | D:8      | Killed a centaur warrior
 14165 | D:9      | Noticed a two-headed ogre
 14180 | D:9      | Killed a two-headed ogre
 14181 | D:9      | Reached skill level 11 in Spellcasting
 14181 | D:9      | Reached XP level 11. HP: 54/54 MP: 10/28
 14413 | D:9      | Found a bloodstained altar of Trog.
 15002 | D:9      | Found a staircase to the Lair.
 15349 | D:9      | Found a radiant altar of Vehumet.
 15352 | D:9      | Found a white marble altar of Elyvilon.
 15354 | D:9      | Became a worshipper of Vehumet
 15464 | D:10     | Entered Level 10 of the Dungeon
 15708 | D:10     | Found a blossoming altar of Fedhas.
 15910 | D:10     | Noticed a two-headed ogre
 15916 | D:10     | Killed a two-headed ogre
 16146 | D:10     | Found a snail-covered altar of Cheibriados.
 17247 | D:10     | Found a portal to a secret trove of treasure.
 17301 | Lair:1   | Entered Level 1 of the Lair of Beasts
 17319 | Lair:1   | Noticed Grum
 17323 | Lair:1   | Reached skill level 12 in Spellcasting
 17325 | Lair:1   | Killed Grum
 17496 | Lair:1   | Reached * piety under Vehumet
 17496 | Lair:1   | Offered knowledge of Foxfire by Vehumet.
 17876 | Lair:1   | You fall into a shaft and drop 1 floor!
 18052 | Lair:2   | Found a runed translucent gate.
 18052 | Lair:2   | Found a runed translucent gate.
 18052 | Lair:2   | Found a runed translucent gate.
 18072 | Lair:2   | Noticed Gastronok
 18506 | Lair:1   | Noticed Fannar
 18556 | Lair:1   | Killed Fannar
 19141 | Lair:2   | Reached skill level 10 in Dodging
 19293 | Lair:1   | Reached XP level 12. HP: 59/59 MP: 15/30
 19381 | Lair:2   | Killed Gastronok
 19619 | Lair:2   | Reached ** piety under Vehumet
 19625 | Lair:2   | Offered knowledge of Momentum Strike by Vehumet.
 19764 | Lair:2   | Identified the +0 ring mail of Qiug {MP-9 Dex+3 Stlth+}
 19947 | Lair:2   | Reached skill level 13 in Spellcasting
 20194 | Lair:2   | Noticed Xtruder99's ghost (journeyman OpFi)
 20293 | Lair:2   | Noticed Maggie
 20301 | Lair:2   | Killed Maggie
 20302 | Lair:2   | Reached skill level 5 in Earth Magic
 21014 | Lair:3   | Reached skill level 5 in Translocations
 21064 | Lair:3   | Found a staircase to the Swamp.
 21309 | Lair:3   | Offered knowledge of Inner Flame by Vehumet.
 21569 | Lair:3   | Found a hole to the Spider Nest.
 22799 | Lair:4   | Noticed a six-headed hydra
 22960 | Lair:4   | Noticed a catoblepas
 23070 | Lair:4   | Killed a catoblepas
 23071 | Lair:4   | Reached skill level 14 in Spellcasting
 23086 | Lair:3   | Reached *** piety under Vehumet
 23577 | Lair:4   | Reached XP level 13. HP: 63/63 MP: 15/33
 23764 | D:9      | Learned a level 1 spell: Apportation
 23799 | D:11     | Found a runed translucent door.
 23833 | D:11     | Offered knowledge of Volatile Blastmotes by Vehumet.
 23965 | D:11     | Noticed Lodul
 23981 | D:11     | Killed Lodul
 24069 | D:11     | You fall into a shaft and drop 1 floor!
 24253 | D:11     | Noticed Reshi88's ghost (journeyman SpHu)
 24435 | D:11     | HP: 1/63 [sixfirhy[a kobold demonologist] (9)]
 24702 | D:12     | Reached **** piety under Vehumet
 24995 | D:12     | Offered knowledge of Sticky Flame by Vehumet.
 25446 | D:11     | Found a staircase to the Orcish Mines.
 25539 | Orc:1    | Entered Level 1 of the Orcish Mines
 25708 | Orc:1    | Reached ***** piety under Vehumet
 25721 | D:11     | Offered knowledge of Iskenderun's Battlesphere by Vehumet.
 25919 | D:11     | Learned a level 5 spell: Iskenderun's Battlesphere
 27085 | Orc:2    | Entered Level 2 of the Orcish Mines
 27184 | Orc:2    | Reached skill level 15 in Spellcasting
 27370 | Orc:2    | Found a staircase to the Elven Halls.
 28564 | Orc:2    | Noticed an orc warlord
 28583 | Orc:2    | Killed an orc warlord
 28668 | Orc:2    | Found Tepaf's Book Emporium.
 28674 | Orc:2    | Found Miejaargh's Antique Weapon Emporium.
 28740 | Orc:2    | Found Imyof's General Store.
 28748 | Orc:2    | Found Kipai's Antique Armour Emporium.
 28838 | Orc:2    | Bought a scroll of noise for 14 gold pieces
 30357 | Lair:4   | Offered knowledge of Flame Wave by Vehumet.
 30848 | Lair:5   | Entered Level 5 of the Lair of Beasts
 30848 | Lair:5   | Noticed Sonja
 30875 | Lair:5   | Found a viscous altar of Jiyva.
 30882 | Lair:5   | Reached XP level 14. HP: 54/68 MP: 23/35
 31338 | Lair:5   | Killed Sonja
 31517 | Lair:5   | Reached skill level 15 in Conjurations
 31929 | Lair:5   | Reached skill level 16 in Spellcasting
 32371 | Lair:5   | Found a runed translucent door.
 32924 | Lair:5   | Found a staircase to the Slime Pits.
 33489 | Lair:5   | Offered knowledge of Fireball by Vehumet.
 33707 | Lair:5   | Learned a level 5 spell: Fireball
 33716 | Lair:5   | Learned a level 8 spell: Lehudib's Crystal Spear
 34699 | D:11     | Reached skill level 10 in Fire Magic
 35133 | D:12     | Reached skill level 10 in Earth Magic
 35294 | D:12     | Noticed Jorgrun
 35299 | D:12     | Killed Jorgrun
 35453 | D:12     | Found a basalt altar of Yredelemnul.
 35991 | D:12     | Reached skill level 17 in Spellcasting
 36599 | D:13     | Reached XP level 15. HP: 72/72 MP: 23/38
 37091 | D:13     | Reached XP level 16. HP: 76/76 MP: 39/39
 37664 | D:14     | Identified the +1 leather armour of Untold Secrets {Str+4
                  | Int-2}
 38315 | D:14     | Noticed Rupert
 38399 | D:14     | Killed Rupert
 38509 | D:14     | Offered knowledge of Orb of Destruction by Vehumet.
 38702 | D:14     | Learned a level 7 spell: Orb of Destruction
 38814 | D:14     | Reached skill level 18 in Spellcasting
 39004 | D:14     | Identified Roxanne's Dissertation on Lithomancy
 39004 | D:14     | Noticed Roxanne
 39346 | D:14     | Found a hide-covered altar of Uskayaw.
 39582 | D:14     | Found a gate to the Vaults.
 39995 | D:15     | Entered Level 15 of the Dungeon
 40300 | Swamp:1  | Entered Level 1 of the Swamp
 40726 | Spider:1 | Entered Level 1 of the Spider Nest
 41316 | Lair:3   | Learned a level 6 spell: Starburst
 41711 | Spider:1 | Found a runed translucent door.
 41711 | Spider:1 | Noticed graymark's ghost (journeyman NaFi)
 42052 | Spider:1 | Found a hide-covered altar of Uskayaw.
 42058 | Spider:1 | Offered knowledge of Plasma Beam by Vehumet.
 42636 | Lair:3   | Identified a scroll of acquirement
 42645 | Lair:3   | Acquired the ring "Jicycuikuk" {Drain rElec rPois Str+6
                  | Slay+2}
 42649 | Lair:3   | Upgraded the game from 0.31-a0-23-gcbde74481b to
                  | 0.31-a0-37-g98a128e1d9
 42656 | Lair:3   | Learned a level 6 spell: Plasma Beam
 42967 | Swamp:1  | Reached skill level 19 in Spellcasting
 43671 | Swamp:2  | Noticed a thorn hunter
 43676 | Swamp:2  | Reached XP level 17. HP: 65/80 MP: 25/42
 43975 | Swamp:2  | Reached skill level 5 in Air Magic
 44190 | Swamp:2  | You fall into a shaft and drop 1 floor!
 44327 | Swamp:2  | Found an ornate altar of the Wu Jian Council.
 46008 | Swamp:4  | Entered Level 4 of the Swamp
 46542 | Swamp:4  | Reached ****** piety under Vehumet
 46542 | Swamp:4  | Offered knowledge of Irradiate by Vehumet.
 46767 | Swamp:4  | Reached skill level 20 in Spellcasting
 47904 | Swamp:4  | Offered knowledge of Ignition by Vehumet.
 48077 | Swamp:4  | Noticed a tentacled monstrosity
 48082 | Swamp:4  | Killed a tentacled monstrosity
 48997 | Swamp:4  | Got a decaying rune of Zot
 50242 | D:15     | Noticed Nessos
 50247 | D:15     | Killed Nessos
 50250 | D:15     | Reached XP level 18. HP: 71/85 MP: 26/44
 50266 | D:15     | Noticed Agnes
 50498 | D:15     | Found a staircase to the Depths.
 50505 | D:15     | Killed Agnes
 51654 | D:15     | Learned a level 8 spell: Ignition
 52572 | Spider:2 | Reached skill level 21 in Spellcasting
 52877 | Spider:2 | Offered knowledge of Polar Vortex by Vehumet.
 53329 | Spider:2 | Reached skill level 15 in Fire Magic
 54878 | Elf:1    | Entered Level 1 of the Elven Halls
 54885 | Elf:1    | Paralysed by an air elemental for 1 turns
 55613 | Elf:1    | Found Foeroc's Jewellery Shoppe.
 55622 | Elf:1    | Bought the ring of Ysiunk {rElec rF++ Will+ Int+6} for 877
                  | gold pieces
 56056 | Elf:1    | Identified the +4 chain mail "Veitaf" {Dex+2}
 56411 | Elf:1    | Got the Opusculum on Arcane Weapons and the Flock
 56423 | Elf:1    | Learned a level 9 spell: Fire Storm
 57435 | Elf:2    | Identified the +5 mace of the Priest {flame, +Blink rElec
                  | rC+}
 57994 | Elf:2    | Reached XP level 19. HP: 89/89 MP: 36/46
 58156 | Elf:2    | Found a runed translucent gate.
 58156 | Elf:2    | Found a runed translucent gate.
 58156 | Elf:2    | Found a runed translucent gate.
 58346 | Elf:2    | Found Lutuivyu's Armour Shop.
 58586 | Elf:3    | Entered Level 3 of the Elven Halls
 58646 | Elf:3    | Found Iluogrob's Assorted Antiques.
 58711 | Elf:3    | Reached skill level 22 in Spellcasting
 58718 | Elf:3    | Noticed Mara
 58877 | Elf:3    | Noticed Zenata
 59036 | Elf:3    | Killed Zenata
 59354 | Elf:3    | Identified the ring "Eweoschu" {rPois rC+ Int-3 Dex+3}
 59731 | Elf:3    | Paralysed by an air elemental for 1 turns
 59839 | Elf:3    | Identified the +0 ring mail of Dyspraxia {rElec Str-2 Int+3
                  | Stlth+}
 60236 | Elf:3    | Identified the +6 war axe of the Amorous God {drain, rC+
                  | Int+3}
 60581 | Elf:3    | Identified the +5 short sword "Waothroe" {holy, rElec rF+
                  | Int-4 Dex+2}
 60862 | Elf:3    | Noticed pk666's illusion
 60864 | Elf:3    | Killed Mara
 61551 | Elf:3    | Identified the +5 storm dragon scales of Monotheism {Fly
                  | rElec rF- Dex+7}
 61944 | Elf:3    | Learned a level 2 spell: Sublimation of Blood
 61974 | Elf:3    | Identified the staff of fire "Waulohea" {Fragile rF+ rCorr
                  | Int+3}
 62007 | Elf:3    | Acquired a +6 ring of intelligence
 62646 | D:11     | Killed Reshi88's ghost
 62647 | D:11     | Reached skill level 1 in Necromancy
 62655 | D:11     | Got the Opusculum on Scree
 62917 | D:14     | Killed Roxanne
 63097 | Vaults:1 | Entered Level 1 of the Vaults
 64019 | Vaults:1 | Reached skill level 23 in Spellcasting
 64306 | Vaults:1 | Reached skill level 5 in Necromancy
 64716 | Vaults:1 | Reached XP level 20. HP: 94/94 MP: 41/49
 66021 | Vaults:2 | Identified the ring of Zielajych {rPois Will+}
 66053 | Vaults:2 | Found a staircase to the Crypt.
 66550 | Vaults:2 | Acquired a book of Sloth
 67153 | Vaults:2 | Noticed Asterion
 67156 | Vaults:2 | Killed Asterion
 67472 | Vaults:3 | Reached skill level 24 in Spellcasting
 68068 | Vaults:3 | Acquired the scarf "Podoppop" {harm, Str+3 SInv}
 68610 | Vaults:3 | Reached XP level 21. HP: 98/98 MP: 37/51
 69133 | Vaults:3 | Identified the +8 dagger "Sedomn" {elec, rC+ Str+4}
 69792 | Vaults:4 | Reached skill level 15 in Dodging
 70433 | Vaults:4 | Found Gekkipnuff's Antique Weapon Shop.
 70605 | Vaults:4 | Reached skill level 25 in Spellcasting
 70666 | Vaults:4 | Reached skill level 10 in Necromancy
 72359 | Spider:4 | Entered Level 4 of the Spider Nest
 73636 | Spider:4 | Reached skill level 15 in Earth Magic
 74113 | Spider:4 | Got a gossamer rune of Zot
 74124 | Spider:4 | Identified the scarf of Gehenna {harm, rPois rC- Will+}
 74422 | Orc:2    | Bought a pair of glowing gloves for 142 gold pieces
 74632 | Depths:1 | Entered Level 1 of the Depths
 75151 | Depths:1 | Reached skill level 26 in Spellcasting
 75161 | Depths:1 | Reached XP level 22. HP: 103/103 MP: 48/54
 75603 | Depths:1 | Noticed Bai Suzhen
 75605 | Depths:1 | Killed Bai Suzhen
 76325 | Depths:1 | Found a gateway to Hell.
 76352 | Depths:1 | Found a one-way gateway to a ziggurat.
 76721 | Depths:2 | Found Vebozuug's Weapon Shoppe.
 76924 | Depths:2 | Found a one-way gate leading to the halls of Pandemonium.
 77860 | Depths:2 | Noticed a golden dragon
 77862 | Depths:2 | Killed a golden dragon
 78244 | Depths:2 | Got Progressing With Hermeneutics
 78451 | Depths:2 | Found a one-way gate to the infinite horrors of the Abyss.
 78518 | Depths:3 | Reached skill level 27 in Spellcasting
 78526 | Depths:3 | Noticed a golden dragon
 78529 | Depths:3 | Killed a golden dragon
 78867 | Depths:3 | Noticed a golden dragon
 78872 | Depths:3 | Killed a golden dragon
 78919 | Depths:3 | Killed from afar by a deep troll earth mage

Illustrated notes

Levels and vault maps discovered:
D:1:      ncdulo_smallfort, layout_rooms, basic_ecumenical_altar
D:2:      layout_loops_corners, st_stairs_9
D:3:      layout_rooms, eino_tiny_chamber, uniq_natasha, uniq_sigmund,
          uniq_grinder, uniq_terence, uniq_robin
D:4:      minmay_chambers_of_threes, layout_loops_corners, uniq_eustachio
D:5:      layout_cave_pools, temple_statues, gammafunk_ghost_arena, nrook_uturn,
          nicolae_stop_n_shop_1, lemuel_flamethrower_2
D:6:      layout_loops_ring, nicolae_hepliaklqana_monster_ancestors,
          uniq_duvessa, uniq_blork_the_orc
D:7:      layout_loops_ring, minmay_microvault
D:8:      minmay_quarter_circles, layout_loops_corners, minmay_between
D:9:      layout_loops_cross, minitemple, david_lair_shrubbed, bh_circular_ruins
D:10:     layout_loops_ring, mainiacjoe_overflow_24_doors,
          fedhas_altar_fruit_tree, nicolae_trove_entry_path_of_doom
D:11:     cheibrodos_barr_body, layout_loops_ring, david_orc_3,
          hellmonk_ghost_big_iron, uniq_lodul
D:12:     layout_basic, nicolae_yredelemnul_corpse_copse, uniq_jorgrun
D:13:     layout_rooms, kennysheep_four_rooms
D:14:     layout_loops_corners, grunt_vaults_entry_fortified, special_room
          [special_room_orc], nicolae_uskayaw_suspiria,
          chequers_serial_rivers_large_a, uniq_rupert, uniq_roxanne
D:15:     gammafunk_depths_entry_grave, layout_loops_ring,
          amcnicky_mini_pool_small, uniq_agnes, uniq_nessos
Temple:   nicolae_temple_elliptical
Lair:1:   layout_roguey, uniq_fannar, uniq_grum
Lair:2:   layout_hall_layers, ebering_ghost_rock_garden, minmay_lindwurm_lava,
          uniq_maggie, uniq_gastronok
Lair:3:   layout_chaotic_city, swamp_mist_pool, spider_nest_entry_a
Lair:4:   layout_loops_ring
Lair:5:   wormcave, layout_cellular_growth, guppyfry_lair_end_dragon,
          minmay_slime_entry_pillars, minmay_lair_drake_nest, uniq_sonja
Swamp:1:  layout_falls_marsh, evilmike_swamp_ruin_house_5
Swamp:2:  layout_basic_swamp, nicolae_swamp_godswood
Swamp:3:  layout_basic_swamp, evilmike_swamp_ruin_rubble_2, swamp_pool3,
          nicolae_swamp_wisp_ring_woods
Swamp:4:  nzn_swamp_witches_coven, layout_basic_swamp
Spider:1: layout_spider_delve, hellmonk_ghost_happy_afterlife,
          nicolae_spider_circle_web, nicolae_spider_altar_of_dancing
Spider:2: layout_spider_delve, hangedman_spider_tarantella_strand
Spider:3: layout_spider_delve, drop_trap, nicolae_spider_wall_of_niches
Spider:4: grunt_spider_rune_circles
Orc:1:    layout_caves, basic_altar
Orc:2:    grunt_orc_cross, layout_diamond_mine
Elf:1:    nicolae_elf_arrival_aired_out, layout_rooms, serial_shops, shop,
          minmay_elf_sorcery
Elf:2:    nicolae_elf_blades_crystal_corner, layout_geoelf_diagonals,
          serial_shops, nicolae_square_shop, minivault_16, billiards_dpeg
Elf:3:    minmay_elf_hall_quartered_circle, layout_loops_corners, serial_shops,
          nicolae_shop_trees, uniq_zenata, uniq_mara
Vaults:1: portal_desolation_entry_nicolae_forbidding_blocks,
          nicolae_vaults_corridor_and_loot_room, v_misc_22,
          nicolae_vaults_twisting_passages, nicolae_vaults_frosty_reception,
          vaults_mumra_hexcomb, hangedman_vaults_stagger,
          nicolae_vaults_specimen_jars, layout_vaults_omnigrid
Vaults:2: nicolae_vaults_mush_room, hangedman_vaults_nodes,
          ontoclasm_vaults_ring_large, nicolae_vaults_shrinking_rooms_1,
          nicolae_vaults_diagonal_hallway_8, ontoclasm_vaults_tryst,
          nicolae_vaults_six-pack, vaults_standard_mumra_x,
          minmay_crypt_entry_simple_box, nicolae_vaults_border_crossing,
          nicolae_vaults_six-pack, vaults_room_stairs_pillars,
          ontoclasm_vaults_twist, layout_vaults_omnicross, uniq_asterion
Vaults:3: v_pattern_2, vaults_room_hangedman_quadrants,
          nicolae_vaults_oval_intersection, v_alt_pattern_2, v_misc_1,
          vaults_room_door_ring, v_misc_17, nicolae_vaults_oval_intersection,
          nicolae_vaults_network_square, v_misc_14, hangedman_vaults_cutoff,
          layout_vaults_ring
Vaults:4: ontoclasm_vaults_water_temple, nicolae_vaults_disjoint_gnomons,
          v_alt_pattern_2, nicolae_vaults_double_plus_3, v_misc_25,
          nicolae_vaults_little_squares_1, v_misc_16, v_misc_23,
          nicolae_vaults_double_plus_2, nicolae_vaults_rhombus_7,
          nicolae_vaults_rhombus_6, vaults_room_hallway, nicolae_vaults_house_3,
          nicolae_vaults_mini_display_case, layout_vaults_maze_snakey,
          serial_shops, shop_fountains
Depths:1: layout_gridlike, enter_ziggurat_f, hell_entry,
          serial_co_window_serial, co_window_paths_b, co_window_corner_a,
          co_window_paths_a, co_window_corner_a, co_window_paths_a,
          co_window_2corner, co_window_corner_ca, co_window_cross_2,
          co_window_corner_b, glass_columns_a, glass_columns_a,
          minmay_hedge_maze, minmay_misc_feat_enclosed,
          kennysheep_generic_room_6, uniq_bai_suzhen
Depths:2: minmay_stepped, layout_basic, serial_shops,
          nicolae_shop_bloodbath_and_beyond, abyss_entry_small_statue_room,
          nicolae_two_hexagons, pf_coc_iceberg, rand_demon_pan_entry_5
Depths:3: minmay_swirls_squares, layout_cave_pools,
          gammafunk_ghost_tricky_traps, grunt_decor_clamped, hell_entry,
          nicolae_abyss_entry_one_way_or_another, pan_entry

Skill      XL: |  1  2  3  4  5  6  7  8  9 10 11 12 13 14 15 16 17 18 19 20 21 22 |
---------------+-------------------------------------------------------------------+-----
Conjurations   | 2 4 5 6 8 10 11 12 13 14 15 16 17 19 20 21 22 23 | 23.3
Poison Magic   | 1 3 4 |  4.0
Spellcasting   | 5 6 7 8 9 11 12 14 15 17 19 20 21 23 24 26 27 | 27.0
Air Magic      | 1 2 3 4 5 |  5.0
Translocations | 3 5 |  5.0
Fire Magic     | 3 5 7 8 9 10 13 16 18 19 | 19.0
Dodging        | 4 6 8 10 11 13 14 16 17 | 17.3
Earth Magic    | 2 4 6 7 10 11 13 14 15 16 | 16.4
Necromancy     | 5 9 11 | 11.0
Stealth        | |  2.4
Summonings     | |  1.1

Action                     |  1- 3 |  4- 6 |  7- 9 | 10-12 | 13-15 | 16-18 | 19-21 | 22-24 || total
---------------------------+-------+-------+-------+-------+-------+-------+-------+-------++-------
  Melee: Dagger            |    10 |       |     8 |     1 |       |       |       |       ||    19
         Punch             |       |       |     2 |       |       |       |       |       ||     2
         Lance             |       |       |       |     1 |    12 |     8 |       |     2 ||    23
   Cast: Magic Dart        |   114 |   127 |   318 |   169 |    22 |       |       |       ||   750
         Mephitic Cloud    |       |     5 |    36 |    85 |   144 |    32 |       |       ||   302
         Blink             |       |       |     8 |    12 |    13 |    20 |     2 |     1 ||    56
         Stone Arrow       |       |       |    43 |   351 |   405 |    28 |       |       ||   827
         Iskenderun's Batt |       |       |       |       |   100 |   187 |   159 |    32 ||   478
         Apportation       |       |       |       |       |     1 |     1 |       |       ||     2
         Fireball          |       |       |       |       |    42 |   198 |    10 |       ||   250
         Orb of Destructio |       |       |       |       |       |    58 |     1 |       ||    59
         Starburst         |       |       |       |       |       |    41 |    10 |       ||    51
         Plasma Beam       |       |       |       |       |       |   213 |    41 |       ||   254
         Lehudib's Crystal |       |       |       |       |       |    52 |    41 |     6 ||    99
         Ignition          |       |       |       |       |       |     7 |       |       ||     7
         Fire Storm        |       |       |       |       |       |     1 |   328 |   106 ||   435
         Sublimation of Bl |       |       |       |       |       |       |    22 |     7 ||    29
  Evoke: Wand              |       |       |       |     4 |     7 |     3 |       |       ||    14
    Use: Potion            |       |       |     1 |     9 |     6 |     3 |     1 |       ||    20
         Scroll            |       |       |       |    16 |     8 |    21 |     6 |       ||    51
 Armour: Robe              |    10 |     6 |    20 |    29 |    52 |    58 |     8 |     1 ||   184
  Dodge: Dodged            |    25 |    15 |    64 |   114 |    98 |   129 |    20 |     2 ||   467
  Block: Buckler           |       |       |       |     5 |    43 |    44 |     9 |     1 ||   102
         Reflection        |       |       |       |       |     4 |     2 |     4 |     1 ||    11

Table legend: (Time is in decaauts)
 A = Elapsed time spent in this place.
 B = Non-inter-level travel time spent in this place.
 C = Inter-level travel time spent in this place.
 D = Time resting spent in this place.
 E = Time spent auto-exploring this place.
 F = Levels seen in this place.
 G = Mean time per level.
                   A        B        C        D        E       F      G
               +--------+--------+--------+--------+--------+-----+--------+
         Total |  79453 |  73459 |   5994 |  36344 |  16465 |  41 | 1937.9 |
       Dungeon |  30127 |  27818 |   2309 |  13031 |   9037 |  15 | 2008.5 |
        Temple |    156 |    134 |     22 |      0 |    118 |   1 |  156.0 |
          Lair |  13333 |  11830 |   1503 |   6521 |   2667 |   5 | 2666.6 |
         Swamp |   7037 |   6750 |    287 |   3390 |   1055 |   4 | 1759.2 |
   Spider Nest |   6026 |   5622 |    404 |   3116 |    836 |   4 | 1506.5 |
  Orcish Mines |   3375 |   3009 |    366 |   1466 |    536 |   2 | 1687.5 |
   Elven Halls |   7225 |   7069 |    156 |   3766 |    878 |   3 | 2408.3 |
        Vaults |   8012 |   7244 |    768 |   3092 |    861 |   4 | 2003.0 |
        Depths |   4157 |   3980 |    177 |   1962 |    477 |   3 | 1385.7 |
               +--------+--------+--------+--------+--------+-----+--------+

Top non-repeatable levels by time:
  Lair:3: 3828 daAuts
  Lair:5: 3742 daAuts
    D:14: 3648 daAuts
   Elf:3: 3635 daAuts
    D:11: 3539 daAuts
     D:8: 3210 daAuts
 Swamp:4: 3180 daAuts
   Orc:2: 2675 daAuts
     D:6: 2360 daAuts
  Lair:1: 2354 daAuts
Vaults:1: 2314 daAuts
    D:10: 2215 daAuts
Depths:2: 2093 daAuts
Vaults:3: 2068 daAuts
Vaults:2: 2002 daAuts
